 Dungeon Crawl Stone Soup version 0.28-a0-1199-gef9e1dbd39 (webtiles) character file.

Game seed: 6324286337467583102

3004 Garessta the Destroyer (level 9, -44/62 HPs)
             Began as a Demonspawn Conjurer on Dec 18, 2021.
             Was a Believer of Vehumet.
             Annihilated by a boulder beetle (58 damage)
             ... on level 7 of the Dungeon on Dec 19, 2021.
             The game lasted 00:28:50 (10618 turns).

Garessta the Destroyer (Demonspawn Conjurer)       Turns: 10618, Time: 00:28:51

Health: -44/62     AC:  5    Str: 12    XL:     9   Next: 54%
Magic:  5/20       EV: 12    Int: 26    God:    Vehumet [**....]
Gold:   131        SH:  0    Dex: 17    Spells: 13/22 levels left

rFire   . . .      SeeInvis +   r - +5 rapier of Corruption {venom, rC+ Str+4}
rCold   + . .      Faith    .   (no shield)
rNeg    . . .      Spirit   .   t - +0 troll leather armour
rPois   .          Reflect  .   (no helmet)
rElec   .          Harm     .   (no cloak)
rCorr   .          Rampage  .   (no gloves)
Will    .....                   (no boots)
Stlth   ++........              (no amulet)
HPRegen 1.00/turn               k - ring of see invisible
MPRegen 0.17/turn               x - ring "Iwirep" {Drain +Blink Fly Int+3 Dex+3}

@: about to teleport, flying
A: claws 2, spiny 1, sharp scales 1, talons 1, agile 1, robust 1, sturdy frame 2
a: Renounce Religion, Evoke Blink


You were on level 7 of the Dungeon.
You worshipped Vehumet.
Vehumet was pleased with you.
You visited 2 branches of the dungeon, and saw 8 of its levels.
You also visited: Sewer and Ossuary.

You collected 291 gold pieces.
You spent 160 gold pieces at shops.

Inventory:

Hand Weapons
 r - the +5 rapier of Corruption (weapon) {venom, rC+ Str+4}
   (You found it on level 5 of the Dungeon)

   It poisons the flesh of those it strikes.
   Str:       It affects your strength (+4).
   rC:        It protects you from cold.
Armour
 a - a +0 robe
 o - a +0 buckler
 t - a +0 troll leather armour (worn)
Jewellery
 k - a ring of see invisible (left claw)
 x - the ring "Iwirep" (right claw) {Drain +Blink Fly Int+3 Dex+3}
   (You found it on level 4 of the Dungeon)

   [ring of flight]

   Int:       It affects your intelligence (+3).
   Dex:       It affects your dexterity (+3).
   Fly:       It grants you flight.
   +Blink:    It lets you blink.
   Drain:     It drains your maximum health when unequipped.
 z - a ring of flight
Wands
 p - a wand of iceblast (9)
 q - a wand of charming (10)
 v - a wand of acid (8)
Scrolls
 b - a scroll of amnesia
 h - 2 scrolls of enchant weapon
 A - a scroll of identify
Potions
 c - a potion of mutation
 d - a potion of magic
 e - 6 potions of attraction
 f - 4 potions of heal wounds
 g - 4 potions of brilliance
 i - a potion of ambrosia {unknown}
 j - a potion of invisibility {unknown}
 l - 5 potions of curing
 m - 2 potions of might
 n - a potion of haste
 s - a potion of lignification
 u - a potion of cancellation {unknown}
 w - a potion of degeneration {unknown}


   Skills:
 - Level 1.7 Dodging
 - Level 1.7 Stealth
 + Level 7.3 Spellcasting
 * Level 11.6 Conjurations


You had 13 spell levels left.
You knew the following spells:

 Your Spells              Type           Power      Damage    Failure   Level
a - Magic Dart            Conj           100%       1d8       1%          1
b - Searing Ray           Conj           100%       2d8       1%          2
c - Iskenderun's Mystic   Conj/Tloc      39%        2d9       5%          4
d - Passwall              Tmut/Erth      7%         N/A       9%          2

Your spell library contained the following spells:

 Spells                   Type           Power      Damage    Failure   Level
 Ignite Poison            Fire/Tmut/Pois 9%         N/A       19%         3
 Dazzling Flash           Conj/Hex       78%        N/A       1%          3
 Fulminant Prism          Conj/Hex       19%        3d11      5%          4
 Apportation              Tloc           18%        N/A       6%          1
 Corpse Rot               Necr/Air       18%        N/A       9%          2
 Poisonous Vapours        Pois/Air       18%        N/A       9%          2
 Swiftness                Air            9%         N/A       19%         3
 Tukima's Dance           Hex            9%         N/A       19%         3
 Passage of Golubria      Tloc           9%         N/A       52%         4
 Alistair's Intoxication  Tmut/Pois      6%         N/A       86%         5
 Yara's Violent Unravell  Hex/Tmut       4%         3d4       86%         5


Dungeon Overview and Level Annotations

Branches:
Dungeon (7/15)             Temple (1/1) D:5           Sewer (visited)
Ossuary (visited)

Altars:
Ashenzari
Cheibriados
Dithmenos
Elyvilon
Fedhas
Gozag
Hepliaklqana
Kikubaaqudgha
Makhleb
Nemelex Xobeh
Okawaru
Qazlal
Ru
Sif Muna
Trog
Uskayaw
Vehumet
Wu Jian
Xom
Yredelemnul
The Shining One

Shops:
D:1 [   D:2 *   D:4 [   D:5 (*!   D:7 :


Innate Abilities, Weirdness & Mutations

You have very sharp fingernails.
You are partially covered in sharp spines.
You are partially covered in razor-sharp scales. (AC +1, Slay +1)
You have sharp toenails.
You are agile. (Dex +2)
You are robust. (+10% HP)
Your movements are less encumbered by armour. (ER -4)


Message History

Press: ? - help, Shift-Dir - straight line, f - boulder beetle
Aim: a boulder beetle (100% to hit)
The searing ray hits the boulder beetle but does no damage. (Press . to maintain the ray.)
The searing ray hits the boulder beetle but does no damage.
The searing ray hits the boulder beetle but does no damage.
The searing ray hits the boulder beetle but does no damage.
You finish channelling your searing ray.
The boulder beetle closely misses you.
The boulder beetle curls into a ball and begins rolling!
There is a stone staircase leading up here.
Casting: Searing Ray (safe; 1% risk of failure)
Confirm with . or Enter, or press ? or * to list all spells.
You erupt in a blast of force!
The mystic blast hits the boulder beetle.
The boulder beetle is lightly wounded.
The boulder beetle is knocked back by the mystic blast.
The boulder beetle slams into the rock wall!
The boulder beetle hits you!!!
Ouch! That really hurt!
* * * LOW HITPOINT WARNING * * *
The boulder beetle stops rolling and uncurls.
Casting: Iskenderun's Mystic Blast (dangerous; 5% risk of failure)
Confirm with . or Enter, or press ? or * to list all spells.
You erupt in a blast of force!
The mystic blast hits the boulder beetle but does no damage.
The boulder beetle is lightly wounded.
The boulder beetle barely misses you.
Casting: Iskenderun's Mystic Blast (dangerous; 5% risk of failure)
Confirm with . or Enter, or press ? or * to list all spells.
You erupt in a blast of force!
The mystic blast hits the boulder beetle.
The boulder beetle is lightly wounded.
The boulder beetle is knocked back by the mystic blast.
The boulder beetle curls into a ball and begins rolling!
As you read the scroll of teleportation, it crumbles to dust.
You feel strangely unstable. The boulder beetle hits you!!!
Ouch! That really hurt!
You die...

..#.# ## #.#.#
#. ..... #.
#.#.### #.
#.#... #.
##.#8#### #.
#.......#
#.##.<.@.>.####
#...°°B.......#
###.###8#...#.#
#.# #######.#
#.# #.# #.# #.#
#.# #.# #.# #.#
#.# #.#


You could see a boulder beetle (rolling).

Vanquished Creatures
  A troll (D:5)
  A hornet zombie (D:6)
  Pargi (D:3)
  An ice beast (D:4)
  A black bear (D:4)
  3 ogres
  A centaur (D:6)
  4 elf zombies (Ossuary)
  2 bullfrogs (Sewer)
  A gnoll sergeant (D:5)
  A wyvern zombie (D:6)
  4 scorpions
  A water moccasin skeleton (D:5)
  2 jellies
  3 killer bees (D:5)
  A howler monkey (D:4)
  3 gnoll shamans
  2 centaur zombies
  3 hounds
  An orc priest (D:6)
  A human zombie (Ossuary)
  A bullfrog skeleton (D:4)
  Terence (D:2)
  Natasha (thrice) (D:2)
  3 orc wizards
  2 iguanas
  2 mummies (Ossuary)
  A howler monkey skeleton (D:5)
  Robin (D:4)
  13 gnolls
  13 adders
  A river rat (D:6)
  A shadow imp (D:5)
  4 worms
  2 dart slugs
  11 orcs
  10 bats
  20 endoplasms
  13 giant cockroaches
  17 hobgoblins
  5 jackals
  16 quokkas
  17 ball pythons
  12 frilled lizards
  12 goblins
  2 goblin zombies (Ossuary)
  8 hobgoblin zombies (Ossuary)
  2 jackal zombies (Ossuary)
  6 kobolds
  9 kobold zombies (Ossuary)
  9 orc zombies (Ossuary)
  A quokka zombie (D:5)
  13 rats
  2 rat zombies
  A spectral hobgoblin (D:2)
272 creatures vanquished.

Vanquished Creatures (others)
  17 plants (D:5)
17 creatures vanquished.

Grand Total: 289 creatures vanquished

Notes
Turn   | Place    | Note
-------+----------+-------------------------------------------
     0 | D:1      | Garessta the Demonspawn Conjurer began the quest for the
                  | Orb.
     0 | D:1      | Reached XP level 1. HP: 13/13 MP: 3/3
   331 | D:1      | Gained mutation: You are partially covered in razor-sharp
                  | scales. (AC +1, Slay +1) [demonic ancestry]
   331 | D:1      | Reached XP level 2. HP: 19/19 MP: 3/5
   640 | D:1      | Learned a level 2 spell: Searing Ray
   848 | D:1      | Found Resuonlu's Antique Armour Boutique.
   899 | D:1      | Reached XP level 3. HP: 24/24 MP: 4/6
  1172 | D:2      | Noticed Natasha
  1175 | D:2      | Killed Natasha
  1176 | D:2      | Reached skill level 5 in Conjurations
  1432 | D:2      | Noticed Natasha
  1441 | D:2      | Killed Natasha
  1442 | D:2      | Reached XP level 4. HP: 27/30 MP: 0/8
  1838 | D:2      | Learned a level 4 spell: Iskenderun's Mystic Blast
  1872 | D:2      | Noticed Natasha
  1879 | D:2      | Killed Natasha
  1880 | D:2      | Gained mutation: You are partially covered in sharp spines.
                  | [demonic ancestry]
  1880 | D:2      | Reached XP level 5. HP: 31/35 MP: 1/9
  2146 | D:2      | Found a faded altar of an unknown god.
  2223 | D:2      | Noticed Terence
  2229 | D:2      | Killed Terence
  2566 | D:2      | Found Kuzooj's Assorted Antiques.
  2651 | D:3      | Reached skill level 6 in Conjurations
  3157 | D:3      | Noticed Pargi
  3169 | D:3      | Killed Pargi
  3170 | D:3      | Reached XP level 6. HP: 30/41 MP: 0/11
  3509 | D:3      | Found a broken altar of Ashenzari.
  3510 | D:3      | Found a basalt altar of Yredelemnul.
  3510 | D:3      | Found a burning altar of Makhleb.
  3511 | D:3      | Found a hazy altar of Hepliaklqana.
  3514 | D:3      | Found a bloodstained altar of Trog.
  3775 | D:4      | Noticed an ice beast
  3825 | D:3      | Found an ancient bone altar of Kikubaaqudgha.
  3833 | D:3      | Learned a level 2 spell: Passwall
  3900 | D:4      | Found an iron altar of Okawaru.
  3944 | D:4      | Reached skill level 7 in Conjurations
  4391 | D:4      | Reached XP level 7. HP: 46/46 MP: 5/13
  4606 | D:4      | Reached skill level 8 in Conjurations
  4756 | D:4      | Upgraded the game from 0.28-a0-1190-g77e1c55843 to
                  | 0.28-a0-1199-gef9e1dbd39
  4939 | D:4      | Reached skill level 5 in Spellcasting
  5095 | D:4      | Found Viwn's Armour Emporium.
  5189 | D:4      | Noticed Robin
  5207 | D:4      | Killed Robin
  5421 | D:4      | Identified the ring "Iwirep" {Drain +Blink Fly Int+3 Dex+3}
  5475 | D:4      | Found a snail-covered altar of Cheibriados.
  5686 | D:5      | Entered Level 5 of the Dungeon
  5690 | D:5      | Gained mutation: You have sharp fingernails. [demonic
                  | ancestry]
  5690 | D:5      | Reached XP level 8. HP: 52/52 MP: 10/15
  5887 | D:5      | Found a sand-covered staircase.
  5894 | Ossuary  | Entered an ossuary
  6214 | Ossuary  | Reached skill level 9 in Conjurations
  6936 | D:5      | Reached skill level 10 in Conjurations
  7365 | D:5      | Noticed a troll
  7373 | D:5      | Killed a troll
  7374 | D:5      | Gained mutation: You have very sharp fingernails. [demonic
                  | ancestry]
  7374 | D:5      | Reached XP level 9. HP: 57/57 MP: 0/18
  7498 | D:5      | Found a staircase to the Ecumenical Temple.
  7516 | Temple   | Entered the Ecumenical Temple
  7582 | Temple   | Became a worshipper of Vehumet
  7776 | D:5      | Identified the +5 rapier of Corruption {venom, rC+ Str+4}
  7786 | D:5      | Found Qakito's Antique Weapon Shop.
  7828 | D:5      | Found Koetogga's General Store.
  7998 | D:5      | Found Rionnu's Distillery.
  8002 | D:5      | Bought a potion of magic for 80 gold pieces
  8002 | D:5      | Bought a potion of lignification for 30 gold pieces
  8002 | D:5      | Bought a potion of heal wounds for 50 gold pieces
  8004 | D:5      | Gained mutation: Your magical capacity is low. (-10% MP)
                  | [potion of mutation]
  8004 | D:5      | Gained mutation: You are agile. (Dex +2) [potion of
                  | mutation]
  8004 | D:5      | Gained mutation: You have sharp toenails. [potion of
                  | mutation]
  8005 | D:5      | Lost mutation: Your magical capacity is low. (-10% MP)
                  | [potion of mutation]
  8005 | D:5      | Gained mutation: Your movements are slightly less
                  | encumbered by armour. (ER -2) [potion of mutation]
  8005 | D:5      | Gained mutation: You are robust. (+10% HP) [potion of
                  | mutation]
  8005 | D:5      | Gained mutation: Your movements are less encumbered by
                  | armour. (ER -4) [potion of mutation]
  8364 | D:6      | Reached skill level 11 in Conjurations
  8896 | D:6      | Reached * piety under Vehumet
  8896 | D:6      | Offered knowledge of Shock by Vehumet.
  9012 | D:6      | Found a glowing drain.
  9030 | Sewer    | Entered a sewer
  9353 | Sewer    | Reached ** piety under Vehumet
  9353 | Sewer    | Offered knowledge of Freeze by Vehumet.
  9648 | Sewer    | Offered knowledge of Ignite Poison by Vehumet.
 10566 | D:7      | Found Mestexzu's Book Shoppe.
 10604 | D:7      | Noticed a boulder beetle
 10618 | D:7      | Annihilated by a boulder beetle

Illustrated notes

Levels and vault maps discovered:
D:1:      lightli_arrival_maybe_door_vault, layout_loops_ring, serial_shops,
          shop, minmay_hexomino_c4
D:2:      layout_basic, dreamdust_ecumenical_altar_drowned_temple, serial_shops,
          nicolae_shop_advertising_works [nicolae_subvault_shop_adworks],
          st_stairs_10, uniq_natasha, uniq_terence
D:3:      layout_loops_ring, nicolae_overflow_hidden_temple, minitemple,
          uniq_pargi
D:4:      layout_basic, cheibrodos_worm_habitat, okawaru_gym_becter,
          serial_shops, shop, uniq_robin
D:5:      layout_loops_ring, minmay_temple_entry_glassed_door, serial_shops,
          kennysheep_mini_moat, nicolae_shop_waterfront, nicolae_square_shop,
          enter_ossuary_4, st_stairs_12, nicolae_grassy_gnolls
D:6:      layout_basic, portal_sewer_entry_c, chequers_serial_rivers_micro_d
D:7:      layout_basic, serial_shops, nicolae_stop_n_shop_2,
          lightli_orcish_oven, uniq_menkaure, uniq_harold, uniq_pikel,
          uniq_prince_ribbit1
Temple:   nicolae_temple_x_marks_the_god

Skill      XL: |  1  2  3  4  5  6  7  8  9 |
---------------+----------------------------+-----
Conjurations   | 5 6 7 8 10 11 | 11.6
Spellcasting   | 3 4 5 6 7 |  7.3
Dodging        | |  1.7
Stealth        | |  1.7

Action                   |  1- 3 |  4- 6 |  7- 9 || total
-------------------------+-------+-------+-------++-------
Melee: Unarmed           |     2 |       |       ||     2
       Hand axe          |     3 |     2 |       ||     5
       Long sword        |       |       |    26 ||    26
 Cast: Magic Dart        |    48 |    71 |   148 ||   267
       Searing Ray       |     7 |    23 |    78 ||   108
       Iskenderun's Myst |       |     4 |     8 ||    12
       Passwall          |       |     2 |       ||     2
  Use: Scroll            |       |       |    13 ||    13
       Potion            |       |       |     2 ||     2
Armor: Robe              |       |     2 |     6 ||     8
       Troll leather arm |       |       |     8 ||     8
Dodge: Dodged            |     2 |    19 |    46 ||    67

Table legend: (Time is in decaauts)
 A = Elapsed time spent in this place.
 B = Non-inter-level travel time spent in this place.
 C = Inter-level travel time spent in this place.
 D = Time resting spent in this place.
 E = Time spent auto-exploring this place.
 F = Levels seen in this place.
 G = Mean time per level.
                   A        B        C        D        E       F      G
               +--------+--------+--------+--------+--------+-----+--------+
         Total |  10668 |  10246 |    422 |    518 |   8016 |  10 | 1066.8 |
       Dungeon |   9151 |   8738 |    413 |    482 |   7041 |   7 | 1307.3 |
        Temple |     76 |     67 |      9 |      0 |     46 |   1 |   76.0 |
         Sewer |    691 |    691 |      0 |     10 |    524 |   1 |  691.0 |
       Ossuary |    748 |    748 |      0 |     26 |    405 |   1 |  748.0 |
               +--------+--------+--------+--------+--------+-----+--------+

Top non-repeatable levels by time:
     D:5: 1797 daAuts
     D:4: 1577 daAuts
     D:6: 1560 daAuts
     D:3: 1521 daAuts
     D:2: 1437 daAuts
     D:1: 1205 daAuts
 Ossuary: 748 daAuts
   Sewer: 691 daAuts
  Temple: 76 daAuts
     D:7: 51 daAuts
